Unix NetHack Version 5.0.0-0 post-release - last build May 10 2026 23:12:36 (d1fa5d53e341ca933230fdaa984d921c805b60aa,branch:main).

Game began 2026-05-16 17:02:43, ended 2026-05-16 17:27:26.

Brudee, lawful female human Monk

                                       ----
                                       -.|.---
                                       ......|
                         ------         .....----                       ----
                         |....|          .......-----                ----..|
                          ....|   --------.......|..                 |.....---
                           -.-- ---.--.....  ......                  |.......|
                           |<.---......-..-  -....--   ----          --......|
                           |....".......%.----.....|----..----        |..-----
                           |.--..|......."..|......--........|        |-.|
                           |.|...|............).............*|        |..|
                           |.|-..|....^.....a......[.......---       --.------
                           |.||....@cv......A............|.|         |..|--..--
                           |.|---..r.d....0............---.-----------.--|.[..|
                           -.|  ---...)dL....---.............[.....--..| |...--
                            .|    --.........| --....-----.....---....---|.---
                            .-     ---.......-  |...--   ---.*..||......--.|
                            .        |......... |...|      |....|---.......|
                            .        |.........|--.--      ..----  ----.----
                           --        --.--.----- ---      ----        ---
                                      ------
Brudee the Novice               St:15 Dx:12 Co:14 In:11 Wi:15 Ch:9  Lawful S:1023
Dlvl:8  $:193 HP:0(32) Pw:25(25) AC:4  Xp:4/120 T:1492  Stone

Latest messages:
 You are caught in a bear trap.
 The Aleax picks up a crossbow.
 You are caught in a bear trap.
 The Aleax drops a crossbow.
 You are caught in a bear trap.
 You are caught in a bear trap.
 The Aleax picks up a thonged club.
 You hit the chickatrice!
 You hit the chickatrice.
 You hit the chickatrice!
 The chickatrice bites!
 The chickatrice touches you!
 You hear the chickatrice's hissing!
 You are slowing down.
 Are you sure you want to pray? [yn] (n) y
 You begin praying to Shan Lai Ching.
 You are surrounded by a shimmering light.
 The chickatrice starts to attack you, but pulls back.
 You finish your prayer.
 You feel that Shan Lai Ching is well-pleased.
 You feel more limber.
 You are caught in a bear trap.
 The Aleax wields a thonged club!
 The Aleax secures the tether on the thonged club.
 The chickatrice bites!
 The chickatrice touches you!
 You hear the chickatrice's hissing!
 You are slowing down.
 What do you want to zap? [oAGH or ?*] ?
 In what direction? l
 Your limbs are stiffening.
 What do you want to zap? [oAGH or ?*] ?
 In what direction? .
 You shudder in dread.
 The Aleax swings her thonged club at the giant beetle.
 The Aleax hits the giant beetle.
 The Aleax swings her thonged club at the giant beetle.
 The Aleax misses the giant beetle.
 The Aleax hits the giant beetle.
 The giant beetle misses the Aleax.
 Your limbs have turned to stone.
 The Aleax swings her thonged club at the giant beetle.
 The Aleax misses the giant beetle.
 The Aleax swings her thonged club at the giant beetle.
 The Aleax hits the giant beetle.
 The Aleax misses the giant beetle.
 You have turned to stone.
 You are a statue.
 Do you want your possessions identified? [ynq] (y) y
 Do you want to see your attributes? [ynq] (y) q

Inventory:
 Coins    ('$')
  $ - 193 gold pieces
 Weapons  (')')
  W - 7 +0 darts
  Y - 5 +0 daggers
 Armor    ('[')
  a - a blessed +2 pair of leather gloves (being worn)
  b - an uncursed +1 robe (being worn)
 Comestibles  ('%')
  g - 5 uncursed apples
  X - an uncursed banana
  Q - an uncursed food ration
  s - 5 uncursed fortune cookies
  h - 7 uncursed oranges
 Scrolls  ('?')
  c - 3 uncursed scrolls of blank paper
  d - a cursed scroll of blank paper
  y - a cursed scroll of light
  f - an uncursed scroll of stinking cloud
  m - a blessed scroll of taming
 Potions  ('!')
  n - an uncursed potion of acid
  e - an uncursed potion of healing
  R - a cursed potion of levitation
  V - an uncursed potion of speed
 Rings    ('=')
  S - a cursed ring of levitation
 Wands    ('/')
  o - a wand of magic missile (0:5)
  H - a wand of sleep (0:5)
  G - a wand of striking (0:4)
  A - a wand of undead turning (0:2)
 Tools    ('(')
  i - an empty uncursed sack
  Z - an uncursed leash
  w - an uncursed magic whistle
  P - an uncursed oil lamp
  k - an uncursed skeleton key
 Gems/Stones  ('*')
  T - an uncursed jade stone
  l - an uncursed worthless piece of black glass
  z - an uncursed worthless piece of blue glass
  v - a cursed worthless piece of yellow glass

Brudee the Monk's attributes:

Background:
 You were a Novice, a level 4 female human Monk.
 You were lawful, on a mission for Shan Lai Ching
 who was opposed by Chih Sung-tzu (neutral) and Huan Ti (chaotic).
 You were right-handed.
 You were in the Gnomish Mines, on level 8.
 You entered the dungeon 1492 turns ago.
 There was a new moon in effect when your adventure ended.
 You had 120 experience points, 40 more were needed to attain level 5.
 Your score was 1023 before end-of-game adjustments.

Basics:
 You had 0 out of 32 hit points.
 You had all 25 energy points (spell power).
 Your armor class was 4.
 Your wallet contained 193 zorkmids.
 Autopickup was on for '!+?"/=$' plus thrown.

Final Characteristics:
 Your strength was 15 (limit:18/100).
 Your dexterity was 12 (limit:18).
 Your constitution was 14 (limit:18).
 Your intelligence was 11 (limit:18).
 Your wisdom was 15 (limit:18).
 Your charisma was 9 (limit:18).

Final Status:
 You turned into stone.
 You were trapped in a bear trap.
 You weren't hungry.
 You were unencumbered.
 You were empty handed.
 You had basic skill with martial arts.

Final Attributes:
 You were devoutly aligned.
 You were sleep resistant.
 You were poison resistant.
 You saw invisible.
 You were guarded.
 Your spell casting was enhanced by wearing a robe.
 You are dead.

Miscellaneous:
 You didn't encounter any bones levels.
 Total elapsed playing time was 24 minutes and 42 seconds.

Major events:
 Turn
    1: Brudee the lawful female human Monk entered the dungeon
  484: entered the Gnomish Mines
  550: attained the rank of Novice (level 3)
  656: reached Mine Town
 1492: petrified by a chickatrice

Spells:
 Name                 Level Category     Fail Retention
 confuse monster        1   enchantment    0%  76%-100%

Skills:
 Fighting Skills
   martial arts       [Basic]
 Weapon Skills
   quarterstaff       [Unskilled]
   spear              [Unskilled]
   crossbow           [Unskilled]
   shuriken           [Unskilled]
 Spellcasting Skills
   attack spells      [Unskilled]
   healing spells     [Basic]
   divination spells  [Unskilled]
   enchantment spells [Unskilled]
   clerical spells    [Unskilled]
   escape spells      [Unskilled]
   matter spells      [Unskilled]

Voluntary challenges:
 Character rerolling was not enabled.
 You followed a strict vegan diet.
 You never hit with a wielded weapon.
 You never genocided any monsters.
 You never polymorphed an object.
 You never changed form.
 You used no wishes.
Achievements:
 You entered the Gnomish Mines.
 You attained the rank of Novice.
 You entered Minetown.
 You entered a shop.
 You entered a temple.

 The Dungeons of Doom: levels 1 to 2
    Level 1:
    Level 2:
       Stairs down to The Gnomish Mines.
 The Gnomish Mines: levels 3 to 8
    Level 3:
    Level 4:
    Level 5:
    Level 6:
       Some shops, a temple and an altar, some fountains, some trees.
    Level 7:
    Level 8: <- You were here.
       Final resting place for
          you, petrified by a chickatrice.


Vanquished creatures:
  a small mimic
  a python
  a giant spider
  a dwarf mummy
  a dingo
  6 gnome leaders
  a paper golem
  a giant ant
  3 dwarves
  a rothe
  a hobbit
 31 gnomes
  a fox
  a kobold
  2 grid bugs
  a lichen
  3 newts
57 creatures vanquished.

No species were genocided or became extinct.

Game over:
                       ----------
                      /          \
                     /    REST    \
                    /      IN      \
                   /     PEACE      \
                  /                  \
                  |      Brudee      |
                  |      193 Au      |
                  |  petrified by a  |
                  |   chickatrice    |
                  |                  |
                  |                  |
                  |       2026       |
                 *|     *  *  *      | *
        _________)/\\_//(\/(/\)/\//\/|_)_______

Goodbye Brudee the Monk...

You turned to stone in The Gnomish Mines on dungeon level 8 with 1004 points,
and 193 pieces of gold, after 1492 moves.
You were level 4 with a maximum of 32 hit points when you turned to stone.

